 Dungeon Crawl Stone Soup version 0.17-a0-1753-g75d4604 (webtiles) character file.

5898 kae the Martial Artist (level 10, -1/76 HPs)
             Began as a Demonspawn Skald on Sept 2, 2015.
             Was an Initiate of Okawaru.
             Killed from afar by Urgaas's ghost (24 damage)
             ... with a bolt of negative energy
             ... on level 10 of the Dungeon.
             The game lasted 00:22:42 (8396 turns).

kae the Martial Artist (Demonspawn Skald)           Turns: 8396, Time: 00:22:43

Health: -1/76      AC:  8    Str: 12    XL:     10   Next: 53%
Magic:  22/22      EV: 17    Int: 13    God:    Okawaru [......]
Gold:   551        SH:  0    Dex: 17    Spells: 4 memorised, 6 levels left

rFire  . . .     SeeInvis .       - Unarmed
rCold  . . .     Clarity  .     a - +0 leather armour
rNeg   . . .     SustAt   .     (no shield)
rPois  .         Gourm    .     (helmet restricted)
rElec  .         Spirit   .     g - +1 cloak
rCorr  .         Warding  .     y - +0 pair of gloves
rMut   .         Stasis   .     (no boots)
MR     .....                    o - amulet of regeneration
Stlth  ++........               j - +4 ring of evasion
                                L - ring of magical power

@: heavily drained, not resistant to hostile enchantments, unstealthy
A: horns 2, slimy green scales 1, demonic guardian 2, nightstalker 1
a: Renounce Religion


You were on level 10 of the Dungeon.
You worshipped Okawaru.
Okawaru was noncommittal.
You were near starving.

You visited 2 branches of the dungeon, and saw 11 of its levels.
You also visited: Sewer.

You collected 551 gold pieces.

Inventory:

Armour
 a - a +0 leather armour (worn)
 g - a +1 cloak (worn)
 y - a +0 pair of gloves (worn)
Jewellery
 j - a +4 ring of evasion (right hand)
 o - an amulet of regeneration (around neck)
 z - an uncursed amulet of faith
 D - an uncursed ring of fire
 L - a ring of magical power (left hand)
Magical devices
 i - a wand of random effects (19)
 m - a wand of digging (16)
 x - a wand of paralysis (12)
 E - a wand of digging (10)
 G - a wand of flame (24)
 H - a wand of enslavement (7)
 I - a wand of lightning (7)
Scrolls
 p - a scroll of amnesia
 r - 2 scrolls of recharging
 s - 5 scrolls of teleportation
 v - 3 scrolls of remove curse
 w - a scroll of blinking
 A - 2 scrolls of enchant weapon
Potions
 d - 5 potions of flight
 e - a potion of curing
 l - 2 potions of cancellation
 q - a potion of brilliance
 u - a potion of poison
 B - a potion of agility
 C - a potion of might
 F - a potion of haste
Books
 b - a book of Battle

   Spells                             Type                      Level
   a - Infusion                       Charms                       1
   b - Shroud of Golubria             Charms/Translocation         2
   c - Song of Slaying                Charms                       2
   d - Spectral Weapon                Hexes/Charms                 3
   e - Regeneration                   Charms/Necromancy            3
 J - a book of Fire

   Spells                             Type                      Level
   a - Ignite Poison                  Fire/Transmutation/Poison    3
   b - Fireball                       Conjuration/Fire             5
   c - Bolt of Fire                   Conjuration/Fire             6
   d - Delayed Fireball               Conjuration/Fire             7
   e - Ring of Flames                 Charms/Fire                  7
 K - a book of Minor Magic

   Spells                             Type                      Level
   a - Magic Dart                     Conjuration                  1
   b - Blink                          Translocation                2
   c - Call Imp                       Summoning                    2
   d - Repel Missiles                 Charms/Air                   2
   e - Slow                           Hexes                        2
   f - Conjure Flame                  Conjuration/Fire             3
   g - Mephitic Cloud                 Conjuration/Poison/Air       3
Comestibles
 c - 5 bread rations
 f - 2 meat rations
 h - 2 slices of pizza
 k - 5 fruits


   Skills:
 - Level 6.0(3.5) Fighting
 - Level 0.8(0.0) Armour
 - Level 5.3(2.9) Dodging
 - Level 13.0(10.0) Unarmed Combat
 - Level 2.0(0.0) Spellcasting
 + Level 4.9(2.5) Charms


You had 6 spell levels left.
You knew the following spells:

 Your Spells              Type           Power        Failure   Level  Hunger
a - Infusion              Chrm           #.....       14%         1    ##.....
b - Shroud of Golubria    Chrm/Tloc      #.........   38%         2    ###....
c - Repel Missiles        Chrm/Air       #.....       38%         2    ###....
d - Blink                 Tloc           N/A          63%         2    ###....


Dungeon Overview and Level Annotations

Branches:
Dungeon (10/15)            Temple (1/1) D:6            Lair (0/8) D:9
    Orc: D:9-12

Altars:
Ashenzari
Cheibriados
Dithmenos
Elyvilon
Fedhas
Gozag
Kikubaaqudgha
Makhleb
Nemelex Xobeh
Okawaru
Qazlal
Ru
Sif Muna
Trog
Vehumet
Xom
Yredelemnul
Zin
The Shining One

Annotations:
D:10 Urgaas's ghost, experienced DrBe


Innate Abilities, Weirdness & Mutations

You have a pair of horns on your head.
You are partially covered in slimy green scales (AC +2).
A demonic guardian rushes to your aid.
You are slightly more attuned to the shadows.


Message History

You hit Urgaas's ghost but do no damage.
Urgaas's ghost is almost destroyed.
Urgaas's ghost shouts, "Very impressive.
But it won't help.
Nothing will."
Urgaas's ghost hits you.
* * * LOW HITPOINT WARNING * * *
Urgaas's ghost burns you.
* * * LOW HITPOINT WARNING * * *
Drink which item? (? for menu, Esc to quit)
You feel better. Urgaas's ghost hits you.
* * * LOW HITPOINT WARNING * * *
Urgaas's ghost burns you.
* * * LOW HITPOINT WARNING * * *
Unknown command.
Drink which item? (? for menu, Esc to quit)
You feel better.
Your sixfirhy barely misses Urgaas's ghost.
Your sixfirhy misses Urgaas's ghost. x2
Urgaas's ghost breathes negative energy at you.
The bolt of negative energy hits you!
You feel drained.
You die...

##.......#
#...... .#
..#...# .####
#...#.##.....
#......#######
.......#.#.....#
.##.#..#.#.....#
...#..W4.<....#
.......#@#.....#
###......#.....#
#..###########
##. #


You could see Urgaas's ghost and a friendly sixfirhy.

Vanquished Creatures
  The ghost of Cenon the Basher, an experienced GrFi (D:6)
  A deep elf mage (D:8)
  Menkaure (D:4)
  Duvessa (D:7)
  2 necrophages
  3 orc warriors
  2 sky beasts
  A wasp (D:8)
  A phantom (D:5)
  5 centaurs
  4 ogres
  Blork the orc (D:5)
  7 giant frogs
  A killer bee (D:9)
  4 scorpions
  3 wights (D:9)
  4 giant frog zombies
  3 hounds
  9 crimson imps
  A centaur skeleton (D:9)
  A jelly (D:7)
  Crazy Yiuf (D:4)
  Ijyb (D:3)
  9 worker ants
  4 orc priests
  7 orc wizards
  A hound zombie (D:8)
  2 hound skeletons (D:6)
  Robin (D:2)
  A worker ant zombie (D:9)
  3 shadow imps
  12 adders
  8 oozes (Sewer)
  An adder skeleton (D:9)
  3 worms
  16 giant geckos
  19 orcs
  9 bats
  15 giant cockroaches
  9 hobgoblins
  4 jackals
  5 kobolds
  11 ball pythons
  A ball python zombie (D:5)
  A giant gecko skeleton (D:6)
  13 giant newts
  22 goblins
  7 quokkas
  6 rats
  A plant (D:9)
249 creatures vanquished.

Vanquished Creatures (collateral kills)
  Pikel (D:4)
  A komodo dragon (D:9)
  Prince Ribbit (D:7)
  A wyvern (D:8)
  A hungry ghost (D:8)
  An ogre (D:8)
  4 slaves (D:4)
  A centaur (D:8)
  Dowan (D:7)
  A scorpion (D:8)
  A hound (D:5)
  4 orc wizards
  2 orc priests (D:5)
  2 orcs
  3 goblins (D:2)
  A giant newt (D:5)
  A quokka skeleton (D:7)
27 creatures vanquished.

Vanquished Creatures (others)
  A plant (D:9)
1 creature vanquished.

Grand Total: 277 creatures vanquished

Notes
Turn   | Place    | Note
--------------------------------------------------------------
     0 | D:1      | kae the Demonspawn Skald began the quest for the Orb.
     0 | D:1      | Reached XP level 1. HP: 16/16 MP: 3/3
   462 | D:1      | Gained mutation: You are partially covered in slimy green scales (AC +2). [demonic ancestry]
   462 | D:1      | Reached XP level 2. HP: 17/22 MP: 3/5
   669 | D:1      | Learned a level 2 spell: Shroud of Golubria
  1060 | D:2      | Reached skill level 3 in Unarmed Combat
  1327 | D:2      | Gained mutation: A weak demonic guardian rushes to your aid. [demonic ancestry]
  1327 | D:2      | Reached XP level 3. HP: 27/27 MP: 4/6
  1549 | D:2      | Noticed Robin
  2152 | D:2      | Found a sacrificial altar of Ru.
  2218 | D:2      | Gained mutation: A demonic guardian rushes to your aid. [demonic ancestry]
  2218 | D:2      | Reached XP level 4. HP: 33/33 MP: 4/7
  2303 | D:2      | Killed Robin
  2303 | D:2      | Reached skill level 4 in Unarmed Combat
  2865 | D:3      | Noticed Ijyb
  2877 | D:3      | Killed Ijyb
  2877 | D:3      | Reached XP level 5. HP: 23/38 MP: 4/8
  3083 | D:4      | Reached skill level 5 in Unarmed Combat
  3324 | D:4      | Reached skill level 11 in Unarmed Combat
  3324 | D:4      | Gained mutation: You have a pair of small horns on your head. [demonic ancestry]
  3324 | D:4      | Reached XP level 6. HP: 44/44 MP: 6/9
  3331 | D:4      | Noticed a slave
  3331 | D:4      | Noticed a slave
  3332 | D:4      | Noticed a slave
  3333 | D:4      | Noticed Pikel
  3333 | D:4      | Noticed a slave
  3341 | D:4      | Killed a slave
  3344 | D:4      | Killed a slave
  3346 | D:4      | Killed a slave
  3348 | D:4      | Killed Pikel
  3348 | D:4      | Reached skill level 12 in Unarmed Combat
  3348 | D:4      | Gained mutation: You are slightly more attuned to the shadows. [demonic ancestry]
  3348 | D:4      | Reached XP level 7. HP: 27/50 MP: 5/10
  3356 | D:4      | Killed a freed slave
  3532 | D:4      | Noticed Menkaure
  3606 | D:4      | Killed Menkaure
  3607 | D:4      | Reached XP level 8. HP: 56/56 MP: 9/11
  3774 | D:4      | Noticed Crazy Yiuf
  3782 | D:4      | Killed Crazy Yiuf
  3816 | D:5      | Entered Level 5 of the Dungeon
  4362 | D:5      | Reached skill level 13 in Unarmed Combat
  4458 | D:5      | Noticed Blork the orc
  4467 | D:5      | Killed Blork the orc
  4526 | D:5      | Found a glowing drain.
  4538 | Sewer    | Entered a sewer
  4870 | Sewer    | Reached XP level 9. HP: 62/64 MP: 5/12
  5369 | D:6      | Noticed Cenon's ghost (experienced GrFi)
  5392 | D:6      | Killed Cenon's ghost
  5392 | D:6      | Reached skill level 5 in Fighting
  5403 | D:6      | Found a staircase to the Ecumenical Temple.
  5433 | Temple   | Entered the Ecumenical Temple
  5951 | D:7      | Reached skill level 1 in Dodging
  5976 | D:7      | Found a sparkling altar of Nemelex Xobeh.
  6027 | D:7      | Noticed Duvessa
  6027 | D:7      | Noticed Dowan
  6062 | D:7      | Killed Dowan
  6065 | D:7      | Killed Duvessa
  6084 | D:7      | Noticed Prince Ribbit
  6093 | D:7      | Killed Prince Ribbit
  6169 | D:7      | Found a blossoming altar of Fedhas.
  6169 | D:7      | Found a shadowy altar of Dithmenos.
  6272 | D:7      | Found an opulent altar of Gozag.
  6272 | D:7      | Found a glowing silver altar of Zin.
  6609 | D:8      | Gained mutation: You have a pair of horns on your head. [demonic ancestry]
  6609 | D:8      | Reached XP level 10. HP: 66/76 MP: 13/13
  6805 | D:8      | Reached skill level 5 in Dodging
  7045 | D:8      | Found an iron altar of Okawaru.
  7083 | D:8      | Became a worshipper of Warmaster Okawaru
  7456 | D:9      | Found an ancient bone altar of Kikubaaqudgha.
  7485 | D:9      | Found a staircase to the Lair.
  8143 | D:10     | Entered Level 10 of the Dungeon
  8267 | D:9      | Learned a level 2 spell: Repel Missiles
  8270 | D:9      | Learned a level 2 spell: Blink
  8312 | D:10     | Noticed Urgaas's ghost (experienced DrBe)
  8396 | D:10     | Killed from afar by Urgaas's ghost

Vault maps used:
D:1:      dpeg_arrival_arbitrary_c, minmay_quantized
D:2:      lemuel_coloured_pillars_altar, uniq_robin
D:3:      uniq_iyjb
D:4:      uniq_crazy_yiuf_cottage, uniq_pikel, uniq_menkaure
D:5:      kennysheep_six_static_rooms, first_bread, portal_sewer_entry_d,
          kennysheep_generic_room_7, uniq_blork_the_orc
D:7:      grunt_temple_overflow_gold_and_silver, gammafunk_temple_overflow_wave,
          basic_altar, uniq_duvessa, uniq_prince_ribbit1
D:8:      nicolae_overflow_crystal_walls
D:9:      lemuel_doored_altar, david_lair_shrubbed
Temple:   circular_temple_12
Sewer:    sewer_frog_island_02

Action                   |  1- 3 |  4- 6 |  7- 9 | 10-12 || total
-------------------------+-------+-------+-------+-------++-------
Melee: Unarmed           |   206 |   165 |   421 |   179 ||   971
 Cast: Infusion          |    20 |    13 |    28 |     7 ||    68
       Shroud of Golubri |       |       |       |     1 ||     1
  Use: Scroll            |     5 |     7 |     4 |     6 ||    22
       Potion            |       |     1 |     1 |     5 ||     7
 Stab: Sleeping          |       |       |    11 |     1 ||    12
  Eat: Chunk             |     4 |     6 |    11 |     6 ||    27
       Beef jerky        |       |       |     1 |       ||     1
       Fruit             |       |       |     1 |       ||     1
